[Event "Israeli Team-ch 2023"]
[Site "Petah Tikva"]
[Date "2023.05.05"]
[Round "9.17"]
[White "Mordechai, Hanan"]
[Black "Levitan, Tal"]
[Result "1/2-1/2"]
[ECO "C45"]
[WhiteElo "2353"]
[BlackElo "2286"]
[Annotator "TA"]
[PlyCount "136"]
[EventDate "2023.01.13"]
[EventCountry "ISR"]
[SourceTitle "playchess.com"]
[Source "ChessBase"]
[SourceQuality "1"]
[TimeControl "40/5400+30:1800+30"]

1. e4 e5 2. Nf3 Nc6 3. d4 exd4 4. Nxd4 Nf6 5. Nxc6 bxc6 6. e5 Qe7 7. Qe2 Nd5 8. c4 Ba6 9. Nd2 Nb4 10. Nf3 c5 11. a3 Nc6 12. Bd2 {[%emt 0:00:00] C45: Scotch Game.} d6 13. exd6 {[%emt 0:00:00][%mdl 64] Pin} Qxe2+ 14. Bxe2 {[%emt 0:00:00] White has an edge.} Bxd6 15. Bc3 O-O 16. O-O-O Rae8 17. Rhe1 Re7 18. Bd3 Rfe8 19. Rxe7 Rxe7 {[%emt 0:00:14] [#]} 20. Re1 $146 ({Predecessor:} 20. Kc2 f6 21. Rb1 Ne5 22. Nxe5 Bxe5 23. g3 Bd6 24. Bd2 Bb7 25. Be3 Bf3 26. b4 {1-0 Sklyarov,D (2424)-Sammalvuo,T (2469) FIN-chT 1314 2013 (5.2)}) 20... Rxe1+ 21. Bxe1 Ne5 22. Nxe5 Bxe5 $14 {[%emt 0:00:02][%mdl 4096] Endgame KBB-KBB} 23. h3 h5 24. f3 g6 25. Bf2 Bd6 26. Kc2 Bc8 27. Kc3 Bd7 28. b4 Bc6 ({Black should try} 28... cxb4+ $14 29. axb4 Be5+ 30. Kb3 a6) 29. bxc5 ({Don't do} 29. Bxc5 Bxc5 30. bxc5 f5 $16) (29. Be4 $1 $16 Bxe4 30. fxe4) 29... Bf4 $1 30. Kb3 Kf8 31. g3 Bd2 32. f4 f5 33. Kc2 Ba5 {[%emt 0:00:04] [#]} 34. g4 $1 hxg4 35. hxg4 fxg4 36. Bxg6 Bf3 $1 37. Kd3 {[%emt 0:00:28] f5 would be deadly.} c6 $1 38. Be4 {[%emt 0:01:37] And now Bxf3 would win.} Kf7 (38... Kg7 $1 $11) 39. Bxf3 (39. Bh4 $1 $16) 39... gxf3 $16 {[%emt 0:00:01] KB-KB} 40. Ke4 Bd2 $2 (40... Kf6 $1 $11 {and Black has nothing to worry.}) 41. Kxf3 $18 Bc3 42. Ke4 Ke6 43. Bd4 Ba5 44. Be5 a6 45. f5+ Kf7 46. Kd3 Be1 47. Bd4 Ba5 48. Kc2 Bc7 49. Kb3 Ke7 50. Ka4 Kf7 51. Bc3 Ke7 52. Ba5 Bf4 53. Bb6 {[%emt 0:00:17] Strongly threatening Ka5.} Bd2 {[%emt 0:00:05] [#]} 54. Bc7 $1 Kf7 55. Be5 Ke7 56. Kb3 Ba5 57. Bc3 Bc7 58. Kb4 Kf7 {[%emt 0:00:38] [#]} 59. Be5 $2 Bxe5 $11 {[%emt 0:08:12] KB-KP. The position is equal.} 60. Ka5 Bd4 61. Kb6 Kf6 62. Kxc6 Kxf5 {[%emt 0:00:07] KB-K3P} 63. Kd5 Be5 64. a4 Bf4 (64... a5 $5) 65. Kc6 Be3 66. Kb6 Ke5 67. Kxa6 {[%emt 0:00:10] Intending c6 and mate.} Bxc5 68. Kb5 Kd6 {[%emt 0:17:19] White really could win this.   Weighted Error Value: White=0.14 (very precise) /Black=0.13 (very precise)} 1/2-1/2

[Event "Israeli Team-ch 2023"]
[Site "Petah Tikva"]
[Date "2023.05.05"]
[Round "9.18"]
[White "Linker, Mikhail"]
[Black "Karp, Ilya"]
[Result "0-1"]
[ECO "A26"]
[WhiteElo "2297"]
[BlackElo "2392"]
[Annotator "TA"]
[PlyCount "78"]
[EventDate "2023.01.13"]
[EventCountry "ISR"]
[SourceTitle "playchess.com"]
[Source "ChessBase"]
[SourceQuality "1"]
[TimeControl "40/5400+30:1800+30"]

1. c4 Nf6 2. g3 g6 3. Bg2 Bg7 4. Nc3 O-O 5. e4 d6 6. Nge2 e5 7. O-O Nc6 8. d3 a6 {[%emt 0:00:00] 8...Nd7 is setting a new trend.} 9. h3 Nd4 {[%emt 0:00:00] A26: English Opening vs King's Indian with ...Nc6 and d3.} 10. Nxd4 exd4 11. Ne2 Nd7 $1 {[%emt 0:00:00] [#] The position is equal.} 12. g4 $146 ({Predecessor:} 12. Rb1 Rb8 13. b3 b5 14. Bb2 c5 15. Qc2 a5 16. Kh2 Ne5 17. f4 Nc6 18. a3 {0-1 Makhmutov,R (2437)-Chigaev,M (2559) RUS-chT 24th 2017 (6.1)}) 12... Rb8 13. f4 b5 14. b3 bxc4 15. bxc4 f5 (15... Qh4 $11) 16. exf5 $14 gxf5 17. Ng3 ({White should try} 17. g5 $14) 17... Nc5 (17... fxg4 $1 $11 18. hxg4 (18. Qxg4 Kh8 $11) 18... Qh4) 18. g5 Re8 19. Bd5+ Kh8 20. Qf3 Re7 ({Better is} 20... Bd7 $11) 21. Nh5 Qf8 22. Bd2 Rb2 23. Rf2 Bd7 24. Rd1 Ba4 25. Rdf1 Rxa2 26. Nxg7 Qxg7 27. Rb1 Qf8 {[%emt 0:00:00] [#]} (27... Ra3 $11) 28. Bb4 $1 $16 {[%emt 0:01:03] A strong pair of Bishops.} ({Inferior is} 28. Bc3 dxc3 29. Rxa2 c2 $15) 28... Bc2 (28... Rxf2 $16 {keeps fighting.} 29. Qxf2 Qg7) 29. Bxc5 $18 dxc5 {[%emt 0:00:04] [#]} 30. Rb7 (30. Rc1 $1 $18 ) 30... Re1+ $11 31. Kh2 $2 {[%emt 0:00:03][%mdl 8192] White does not recover from this.} (31. Rf1 $1 $11 Raa1 32. Rxe1 Rxe1+ 33. Kg2) 31... Bd1 $19 32. Rxa2 Bxf3 33. Bxf3 Qd6 34. Kg3 Re3 {[%emt 0:00:25][%cal Oe3f3] ...Rxf3+! would be deadly.} 35. Rb8+ Kg7 36. h4 h5 {[%emt 0:01:30] aiming for ...a5.} 37. gxh6+ (37. Re2 $142 a5 38. Rd2) 37... Kh7 38. h5 Qxh6 39. Rg2 Qxh5 {[%emt 0:00:44] Weighted Error Value: White=0.69/Black=0.25 (precise)} 0-1

[Event "Israeli Team-ch 2023"]
[Site "Petah Tikva"]
[Date "2023.05.05"]
[Round "9.20"]
[White "Tifferet, Shaked"]
[Black "Zanan, Evgeny"]
[Result "1-0"]
[ECO "C84"]
[WhiteElo "2226"]
[BlackElo "2483"]
[Annotator "TA"]
[PlyCount "73"]
[EventDate "2023.01.13"]
[EventCountry "ISR"]
[SourceTitle "playchess.com"]
[Source "ChessBase"]
[SourceQuality "1"]
[TimeControl "40/5400+30:1800+30"]

1. e4 e5 2. Nf3 Nc6 3. Bb5 a6 4. Ba4 Nf6 5. O-O Be7 6. d3 d6 7. c4 O-O {[%emt 0:06:08] C84: Closed Ruy Lopez: Unusual White 6th moves.} 8. h3 Nd4 {[%emt 0:12:41] [#]} 9. b4 $146 ({Predecessor:} 9. Nxd4 exd4 10. Nd2 Nd7 11. Nf3 c5 12. Bf4 Qc7 13. b4 b6 14. Rb1 Ne5 15. Bg3 Nxf3+ 16. Qxf3 {½-½ Durarbayli,V (2615)-Mamedov,N (2604) AZE-ch Prelim 76th 2022 (4)}) 9... Nxf3+ {[%emt 0:13:48] The position is equal.} 10. Qxf3 c6 11. Bb2 Be6 12. a3 b5 13. Bb3 Nd7 14. Nd2 Bg5 15. Qe2 Nb6 16. Nf3 Be7 17. Qc2 Qb8 18. Rac1 Rc8 (18... bxc4 $142 19. dxc4 Nd7) 19. c5 $11 Bxb3 20. Qxb3 Na4 21. cxd6 Bxd6 22. Ba1 Nb6 23. d4 Nc4 24. dxe5 Nxe5 25. Nd4 Bf8 26. f4 {[%emt 0:02:10] White is more active.} Nc4 27. Nf5 $36 {[%emt 0:00:08][%mdl 2048] White is more active.} Qb6+ (27... Nd2 {gets mated.} 28. Nh6+ Kh8 29. Nxf7+ (29. Qxf7 Qa7+ 30. Rf2 Qxf7 $18) 29... Kg8 30. Nh6+ Kh8 31. Qg8#) 28. Kh1 {[%emt 0:01:15][%cal Of5h6] Nh6+! is the strong threat.} c5 (28... Nd2 {is a self mate.} 29. Nh6+ Kh8 30. Nxf7+ Kg8 31. Nh6+ Kh8 32. Qg8#) 29. bxc5 Qe6 30. Qg3 f6 (30... Qg6 $16 {is a better defense.}) 31. Nh6+ $1 $18 Kh8 32. f5 Qe7 {[%emt 0:01:20] [#]} 33. Ng4 (33. e5 $1 $18 {[%cal Re5f6] exf6 would be deadly.} Qc7 34. Ng4) 33... Qc7 {[%emt 0:01:30] [#]} ({Black should try} 33... Rxc5 $14 34. e5 fxe5) 34. e5 $1 ({Not} 34. Qxc7 Rxc7 35. e5 h5 $15) 34... Bxc5 $2 {[%emt 0:00:13] [#]} (34... Qxc5 $2 35. exf6 Ra7 36. fxg7+ Rxg7 37. Bxg7+ Bxg7 38. f6 $18) (34... Re8 $18 35. Rf3 Nxe5 36. Nxe5 fxe5) 35. exf6 $1 {[%emt 0:00:32] White mates.} Bf8 (35... Ra7 36. fxg7+) 36. fxg7+ Bxg7 {[%emt 0:00:01] [#]} 37. f6 $1 {[%emt 0:00:12] An entertaining game by Tifferet.   Weighted Error Value: White=0.08 (flawless) /Black=0.33} 1-0

[Event "Israeli Team-ch 2023"]
[Site "Petah Tikva"]
[Date "2023.05.05"]
[Round "9.21"]
[White "Oratovsky, Michael"]
[Black "Steiner-Prozhanski, Giora"]
[Result "1-0"]
[ECO "C00"]
[WhiteElo "2422"]
[BlackElo "2254"]
[Annotator "TA"]
[PlyCount "81"]
[EventDate "2023.01.13"]
[EventCountry "ISR"]
[SourceTitle "playchess.com"]
[Source "ChessBase"]
[SourceQuality "1"]
[TimeControl "40/5400+30:1800+30"]

1. e4 c5 2. Nf3 e6 3. g3 Nc6 4. Bg2 Nf6 5. d3 d5 6. Nbd2 Be7 7. O-O O-O 8. Re1 b5 9. exd5 exd5 10. d4 Bf5 {[%emt 0:13:07] C00: French: Unusual White 2nd moves.} 11. dxc5 Bxc5 {[%emt 0:00:17] aiming for ...Qb6.} 12. Nb3 Bb6 {[%emt 0:01:32] White is slightly better.} 13. Be3 Rc8 {[%emt 0:03:07] [#]} 14. c3 $146 ({Predecessor:} 14. Bxb6 Qxb6 15. Nfd4 Be4 16. Nxc6 Rxc6 17. c3 b4 18. cxb4 Qxb4 19. Qd4 Qb8 20. Rec1 {0-1 Saric,I (2555)-Saraci,N (2487) Cetinje June GM 01 2022 (1)}) 14... Bxe3 15. Rxe3 b4 16. Nbd4 Nxd4 17. Nxd4 Bg4 18. Qb3 (18. f3 $5 Bd7 19. cxb4 $14) 18... bxc3 19. Rxc3 Rb8 20. Qa3 {[%emt 0:00:00] Strongly threatening Nc6.} Qb6 21. Nc6 Qxb2 22. Nxb8 Qxa1+ 23. Rc1 Qe5 24. Nc6 Qe8 25. Ne7+ Kh8 26. Nxd5 Nxd5 27. Bxd5 Qb8 (27... Qd8 $14) 28. Qe7 $16 Kg8 29. Kg2 Qb5 30. Rc5 Qb1 31. Rc7 {[%emt 0:00:30] Active counter play!} ({White should try} 31. Qe5 $16) 31... Qf5 $11 32. Qe4 {[%emt 0:00:30] Threatens to win with Qxf5. The board is on fire.} Bh3+ 33. Kg1 {[%emt 0:00:06] Hoping for Qxf5.} Qf6 34. Qe1 {[%emt 0:00:34][%mdl 8192] Prevents Qa1.} (34. Rxa7 $2 Qa1+) (34. Qf4 $11) 34... Qd6 $1 $19 35. Qa5 {[%emt 0:00:31] [#]} Rd8 $2 {[%emt 0:00:55] [#]} (35... Re8 $1 $19 {[%cal Od6d5] ( -> ...Qxd5!)} 36. Rc1 (36. Rxf7 {gets mated.} Qxd5 {[%mdl 64] Double Attack}) (36. Bxf7+ $2 {loses.} Kf8 $19) 36... Re5) 36. Rxa7 $1 $11 g6 $1 $132 {[%emt 0:00:14][%mdl 2048] Black has counterplay} 37. Ra8 $1 (37. Bxf7+ $2 {perishes.} Kf8 38. Qe1 Qd1 $19) 37... Rxa8 38. Qxa8+ Kg7 $1 39. Qb7 Qe5 $2 (39... Qf6 $11 40. Qb1 Qc3) 40. Qxf7+ $18 (40. Bxf7 $2 Qe1#) 40... Kh6 41. Qf4+ {[%emt 0:30:47] An entertaining game by Oratovsky.   Weighted Error Value: White=0.26 (precise) /Black=0.15 (very precise)} 1-0

[Event "Israeli Team-ch 2023"]
[Site "Petah Tikva"]
[Date "2023.05.05"]
[Round "9.22"]
[White "Poleg, Dan"]
[Black "Bronstein, Or"]
[Result "0-1"]
[ECO "D02"]
[WhiteElo "2193"]
[BlackElo "2447"]
[Annotator "TA"]
[PlyCount "80"]
[EventDate "2023.01.13"]
[EventCountry "ISR"]
[SourceTitle "playchess.com"]
[Source "ChessBase"]
[SourceQuality "1"]
[TimeControl "40/5400+30:1800+30"]

1. d4 Nf6 2. Nf3 g6 3. Nbd2 d5 4. e3 Bg7 5. b4 a5 6. b5 {[%emt 0:02:18] D02: 1 d4 d5 2 Nf3 sidelines, including 2...Nf6 3 g3 and 2...Nf6 3 Bf4.} c5 7. c4 cxd4 8. Nxd4 {[%emt 0:01:35] The position is equal.} O-O 9. Bb2 {[%emt 0:02:29] [#]} Bg4 $146 ({Predecessor:} 9... a4 10. a3 Qa5 11. Rc1 Rd8 12. Bc3 Qc7 13. cxd5 Nxd5 14. Bb2 Qa5 15. Bc4 Nb6 {0-1 Mitrabha,G (2445)-Antipov,M (2609) FIDE World Uni Blitz-A 1st 2021 (10.2)}) 10. N4f3 Nbd7 11. Be2 Nc5 12. Rc1 Rc8 (12... dxc4 {simplifies} 13. Bxf6 Bxf3 14. gxf3 Bxf6 15. Nxc4 Qxd1+ 16. Rxd1 Na4) 13. O-O Nfe4 14. Bxg7 Kxg7 15. cxd5 Qxd5 16. Nc4 (16. Rc2 {with more complications.} Nd6 17. Qa1+ f6 18. Rd1) 16... Qxd1 17. Rfxd1 Na4 $1 {[%emt 0:00:58] Wards off Nb6} 18. Bf1 Nec3 19. Re1 Bxf3 (19... Nxb5 20. Nce5 Bxf3 21. Bxb5) 20. gxf3 b6 21. Ra1 (21. Ne5 $15) 21... Rc5 ({Not} 21... Nxb5 22. Nxb6 Nxb6 23. Bxb5 $15) 22. Nd2 Rd8 23. Nb3 Rg5+ 24. Kh1 e5 {[%emt 0:04:38] Black is much more active.} (24... Nc5 $17 25. Nd4 e5) 25. Rec1 $15 Rf5 26. Kg2 Rg5+ (26... e4 $5 27. f4 Nxb5 $15) 27. Kh1 Rf5 28. Kg2 g5 29. Rc2 e4 30. fxe4 Nxe4 31. Nd4 Rf6 32. Rd1 {[%emt 0:06:04][%cal Od4f5] [#] Black must now prevent Nf5+!} Re8 33. Bd3 Nac3 34. Rdc1 Nd5 35. a3 h5 ({Black should try} 35... h6 $11) 36. Bc4 ({White should play} 36. h3 $14) 36... Rd8 37. Rd1 $2 {[%emt 0:04:01][%mdl 8192] [#]} (37. Kg1 $11 {and White stays safe.}) 37... Nxf2 $1 $19 {[%emt 0:00:36][%mdl 64] Remove Defender. A dynamic duo of knights.} 38. Nf5+ $2 (38. Re1 Nxe3+ {[%mdl 64] Discovered Attack} 39. Rxe3 Rxd4 40. Be2) 38... Rxf5 {[%emt 0:00:02] Black is clearly winning.} 39. Rxd5 Rfxd5 40. Bxd5 Ng4 {[%emt 0:00:10] Weighted Error Value: White=0.43/Black=0.12 (very precise)} 0-1

[Event "Israeli Team-ch 2023"]
[Site "Petah Tikva"]
[Date "2023.05.05"]
[Round "9.23"]
[White "Kaspi, Alexander"]
[Black "Lurie, Michael"]
[Result "0-1"]
[ECO "E60"]
[WhiteElo "2412"]
[BlackElo "2295"]
[Annotator "TA"]
[PlyCount "52"]
[EventDate "2023.01.13"]
[EventCountry "ISR"]
[SourceTitle "playchess.com"]
[Source "ChessBase"]
[SourceQuality "1"]
[TimeControl "40/5400+30:1800+30"]

1. d4 Nf6 2. c4 g6 3. f3 e5 4. dxe5 Nh5 5. Nh3 Nc6 ({Much less strong is} 5... Qh4+ 6. Nf2 $16 (6. g3 Qxc4 7. Nc3 Nc6 $16)) 6. g4 {[%emt 1:31:09] E60: King's Indian: Unusual lines and Fianchetto Variation without Nc3.} (6. Bg5 $5 Be7 7. Bxe7 Qxe7 8. Nc3 $14) 6... Qh4+ 7. Nf2 $1 Bc5 8. e3 {[%emt 0:00:00] White is slightly better.} Nf4 9. a3 $1 a5 (9... Nxe5 $2 10. b4 b6 11. bxc5 $18) 10. Nc3 Ne6 (10... Nxe5 $2 11. Nce4 Ne6 12. f4 $16) 11. Nce4 ({Reject} 11. Qd5 $6 b6 $11) 11... Nxe5 (11... Be7 $16 {keeps fighting.}) 12. f4 $1 $18 {[%emt 0:00:00] [#]} Nc6 $146 ({Predecessor:} 12... f5 13. gxf5 gxf5 14. Nxc5 Ng4 15. Ncd3 Nc5 16. Qf3 Ne4 17. Qh3 Qe7 18. Qh5+ Kd8 19. Nxg4 fxg4 20. Nf2 d6 21. Nxe4 Qxe4 22. Qd5 {1-0 Karthikeyan,P (2397)-Gahan,M (2223) Mumbai Mayors Cup 7th 2014 (6)}) 13. f5 $1 gxf5 14. gxf5 Ng5 15. Nxc5 {[%emt 0:00:00] Hoping for Rg1.} d6 16. Ncd3 {[%emt 0:00:00] Threatens to win with Qg4.} Bxf5 17. Bg2 (17. e4 $142 Nxe4 18. Be3) 17... O-O-O 18. Nf4 {[%emt 0:00:00] Qh5 is the strong threat.} Ne4 19. O-O (19. Rf1 $16 {Black must now prevent Qd5.} Nxf2 20. Rxf2) 19... Rhg8 $11 20. Qd5 {[%emt 0:00:00] Wards off Ne5} (20. Bd2 $5 Rg5 21. Be1 $16) 20... Ne7 21. Qxa5 {[%emt 0:00:00] And now Bd2 would win.} Rg5 $40 {[%emt 0:00:00][%mdl 128] Black is up to no good.} 22. Qa8+ Kd7 {[%emt 0:00:00] Chess con chili.} 23. Qxb7 {[%emt 0:00:00][%mdl 8192] [#]} (23. Qa4+ $11 Kc8 24. b4) 23... Rdg8 $1 $19 {[%emt 0:00:00][%cal Oh4f4] ( -> ...Qxf4!)} 24. Qb5+ {[%emt 0:00:00] [#]} (24. Qxe4 Bxe4) 24... Kd8 $1 {[%emt 0:00:00] Black mates.} 25. Nxe4 Rxg2+ 26. Nxg2 Bxe4 {[%emt 0:00:00] Magnificent play by Lurie!   Weighted Error Value: White=0.60/Black=0.10 (very precise)} 0-1

[Event "Israeli Team-ch 2023"]
[Site "Petah Tikva"]
[Date "2023.05.05"]
[Round "9.24"]
[White "Levin, Yonatan"]
[Black "Veinberg, Nimrod"]
[Result "0-1"]
[ECO "A14"]
[WhiteElo "2175"]
[BlackElo "2400"]
[Annotator "TA"]
[PlyCount "64"]
[EventDate "2023.01.13"]
[EventCountry "ISR"]
[SourceTitle "playchess.com"]
[Source "ChessBase"]
[SourceQuality "1"]
[TimeControl "40/5400+30:1800+30"]

1. c4 e6 2. g3 d5 3. Bg2 Nf6 4. Nf3 Be7 5. O-O O-O 6. b3 b6 7. Bb2 Bb7 8. e3 c5 9. Nc3 Nbd7 10. Qe2 Rc8 11. Rfd1 Qc7 12. cxd5 {[%emt 0:04:36] A14: English Opening: 1...e6 with b3 by White.} exd5 (12... Nxd5 $11 13. Nxd5 Bxd5) 13. d4 Rfe8 {[%emt 0:00:00] [#]} 14. Nb5 $146 {[%emt 0:10:55] White is slightly better.} ({Predecessor:} 14. Rac1 Qb8 15. Bh3 Rcd8 16. Bg2 Bf8 17. Qc2 h6 18. Qb1 a6 19. Ne2 c4 20. Ne5 {1-0 Wadsworth,M (2420)-Bradbury,N (2241) Newcastle Forest Hall 2nd 2021 (3)}) 14... Qb8 15. Ne5 Rcd8 16. f4 Nf8 (16... a6 $5 17. Na3 cxd4 $11) 17. a4 Ne4 $2 (17... Ne6 $11 {and Black stays safe.}) 18. dxc5 (18. Qh5 $6 Ng6 $16) 18... Nxc5 19. Qh5 ({White should try} 19. Nd4) 19... f6 $16 20. Qf7+ Kh8 21. b4 $1 Na6 {[%emt 0:00:00] [#]} (21... Nce6 $1 $14) 22. Rac1 Bxb4 $11 23. Nc6 (23. Bxd5 Rxd5 24. Rxd5 Re7 $17) 23... Bxc6 24. Rxc6 {[%emt 0:00:01][%cal Ob2f6] And now Bxf6! would win.} Rd7 25. Qh5 $40 {[%emt 0:00:47][%mdl 128] Black must now prevent Bh3. White mounts an attack.} Bc5 $1 {[%emt 0:00:00] ...Nb4 would be deadly.} 26. Rxf6 {[%emt 0:03:50][%mdl 64] Demolition} Rxe3 27. Kh1 gxf6 28. Bxf6+ {[%emt 0:00:01] A strong pair of Bishops.} Kg8 $1 29. Bxd5+ (29. Rxd5 $2 {loses.} Re1+ $19) 29... Rxd5 30. Qxd5+ Ne6 31. f5 $2 (31. Bc3 $1 $11) 31... Nb4 $19 32. Qd7 (32. Qg2 $19 Qf8 33. fxe6 Qxf6 34. e7) 32... Qa8+ {[%emt 0:00:11] Never resign too early! Artfully played by Veinberg.   Weighted Error Value: White=0.68/Black=0.29 (precise)} 0-1

[Event "Israeli Team-ch 2023"]
[Site "Petah Tikva"]
[Date "2023.05.05"]
[Round "9.26"]
[White "Mikhalevski, Alexander"]
[Black "Gorshtein, Ido"]
[Result "0-1"]
[ECO "E08"]
[WhiteElo "2414"]
[BlackElo "2498"]
[Annotator "TA"]
[PlyCount "132"]
[EventDate "2023.01.13"]
[EventCountry "ISR"]
[SourceTitle "playchess.com"]
[Source "ChessBase"]
[SourceQuality "1"]
[TimeControl "40/5400+30:1800+30"]

1. d4 Nf6 2. c4 e6 3. Nf3 d5 4. g3 Bb4+ 5. Bd2 Be7 6. Qc2 O-O 7. Bg2 Nbd7 8. O-O c6 9. Bf4 Ne4 10. Nc3 g5 {[%emt 0:00:30] E08: Closed Catalan: Main Line: 7 Qc2.} 11. Bc1 f5 12. Ne1 Bf6 {[%emt 0:00:00] White is slightly better.} 13. e3 {[%emt 0:00:30] [#]} a5 $146 (13... dxc4 14. Nxe4 fxe4 15. Bxe4 $16) ({Predecessor:} 13... Qe7 14. Nd3 b6 15. b3 Bb7 16. Bb2 Qg7 17. Rac1 Rac8 18. Ne2 c5 19. Rfd1 Rfe8 20. dxc5 bxc5 21. Bxf6 Qxf6 22. Qb2 Qxb2 {½-½ Sviridov,V (2504)-Banusz,T (2616) EU-ch 18th Minsk 2017 (5)}) 14. Nd3 Rf7 (14... b6 $5 ) 15. f4 (15. cxd5 $14 exd5 16. f3) 15... gxf4 (15... dxc4 16. Ne5 Bxe5 17. Nxe4 $16) 16. Nxf4 Qe7 17. Nxe4 (17. cxd5 {is interesting.} exd5 18. Ncxd5 cxd5 19. Nxd5 Qd8 20. Rxf5 Nd6 21. Rf4) 17... dxe4 18. Bd2 e5 19. dxe5 (19. Ne2 $5 ) 19... Nxe5 20. Bc3 Qc5 21. Bd4 Qxc4 22. Qd1 Ng4 {[%emt 0:00:00] White should prevent ...Rd7.} 23. Rc1 Qxa2 (23... Qb4 $5 ) 24. h3 (24. Bh3 $5 Be6 25. Bxf6 Nxf6 26. Ra1 $11) 24... Bxd4 $1 25. Qxd4 Nf6 (25... Rd7 $2 26. Qc3 Nxe3 27. Qxe3 Qxb2 28. Bxe4 $18) 26. Rfd1 (26. Ra1 $5 Qb3 $8 27. Ra3 $11) 26... Bd7 27. Qc3 {[%emt 0:00:00] Dodges Qb3} ({White should play} 27. Bf1 $11 b5 28. b4) 27... b5 28. Bf1 (28. Ra1 $5 Qc4 $8 29. Qxc4 (29. Rxa5 Rxa5 30. Qxa5 Re7 $15) 29... bxc4 30. Bf1 $11) 28... Rff8 29. Rd6 (29. Ra1 $5 Qf7 $8 30. Rxa5 $11) 29... Qf7 30. Rcd1 a4 31. Qc5 Qg7 (31... Qe7 $1 $15) 32. Kh2 $2 (32. Rxf6 $1 $16 {Nh5 is the strong threat.} Qxg3+ 33. Bg2 Rxf6 34. Nh5) 32... Rf7 33. Qd4 (33. Be2 $11 {is superior.}) 33... Kh8 (33... Rb8 $17) 34. Rxf6 Qxf6 $17 35. Qxf6+ Rxf6 36. Rxd7 {[%emt 0:00:05] [#]} Kg8 (36... b4 $1 $17 {Hoping for ...a3.} 37. Bc4 a3) 37. g4 fxg4 38. hxg4 Rff8 (38... a3 $17 39. bxa3 Rxa3) 39. Bg2 $11 Rad8 40. Rc7 (40. Rxd8 $2 Rxd8 41. Kg3 Rd2 42. Bxe4 Rxb2 43. Bxc6 a3 44. Bd5+ Kg7 45. Ne6+ Kf6 $19) 40... Rd2 ({Better is} 40... Rc8 $11 41. Ra7 Ra8) 41. Kg3 $14 {[%emt 0:32:50][%mdl 1024] White has compensation.} Re8 (41... Rxb2 $2 42. Bxe4 Rf7 43. Rc8+ Rf8 44. Bxh7+ (44. Rxc6 Re8 $16) 44... Kxh7 45. Rxf8 $18) 42. Nh5 (42. Bh3 $5 ) 42... Kf8 $1 (42... Rxb2 $2 43. Nf6+ (43. Rxc6 Kf8 $11) 43... Kf8 44. Nxh7+ Kg8 45. Nf6+ Kf8 46. Nxe8 (46. Bxe4 Re7 $16) (46. Rxc6 Ra8 $16) 46... Kxe8 47. Bxe4 $18) 43. Nf6 Re7 44. Nxh7+ (44. Rxc6 $14 {stays ahead.} Rxb2 45. Ra6) 44... Ke8 $17 {[%emt 0:00:30] Black is more active.} 45. Rc8+ (45. Nf6+ $2 Kf7 46. Rxc6 Re6 $17) (45. Rxc6 $17 Rxh7 46. Rb6) 45... Kd7 $19 46. Ra8 {[%emt 0:00:00] [#]} Rxb2 $2 (46... Rxh7 47. Ra7+ (47. Bxe4 $2 Re7 $19) 47... Ke6 48. Rxh7 $18) (46... Kc7 $1 $19 47. Nf6 Kb7) 47. Nf6+ $11 Ke6 48. Nxe4 (48. g5 $5) 48... Rc2 49. g5 Kf5 {[%emt 0:01:41][%cal Oc2g2] Threatens to win with ...Rxg2+!} 50. Bf3 (50. Rf8+ Ke5 51. Bh3 a3 $15) 50... Ke5 51. Nf6 Rc3 (51... Rc4 $11 {should be considered.}) 52. Ra6 (52. Ng4+ $1 $14 Kf5 53. Kh4) 52... Rc7 53. Ng4+ Kf5 $132 {[%emt 0:00:36][%mdl 2048] [#] Black is not keeping still} 54. g6 a3 {[%emt 0:01:20] aiming for ...b4.} (54... Rg7 55. Bxc6) 55. Bxc6 $2 R3xc6 {[%emt 0:01:35][%mdl 4096] Endgame KRR-KRN} (55... R7xc6 56. g7 Rc8 57. Rf6+ Ke4 58. Rf8 $18) 56. g7 Rxg7 (56... Rxa6 57. g8=Q Rc4 58. Qd5+ Kg6 59. Ne5+ Kh6 60. Qh1+ Kg5 61. Nxc4 bxc4 62. Qh4+ Kg6 63. Qxc4 $18) 57. e4+ Kxe4 58. Rxc6 $19 {[%emt 0:00:07] KRN-KR} Ra7 ({Weaker is} 58... a2 59. Ra6 $11) 59. Nf2+ Kd5 60. Rc1 a2 61. Ra1 Kd4 {[%emt 0:00:21] ...b4 would be deadly.} 62. Kf3 b4 {[%emt 0:00:16][%cal Bb5b4,Bb4b3][%mdl 32] ( -> ...Rf7+)} 63. Ke2 b3 {[%emt 0:00:44] Black mates.} 64. Rd1+ Kc4 65. Rc1+ Kb5 66. Ne4 Re7 {[%emt 0:01:32] Weighted Error Value: White=0.45/Black=0.23 (precise)} ({Not} 66... a1=B 67. Nd6+ Kb4 68. Rc4+ Ka5 69. Rc5+ Kb6 70. Rb5+ Kc6 71. Rxb3 $15) 0-1